AoeStats
← 黑色的广告

Hideout

509148118Analyzed
1v1 RM · 5d ago on Sep 25, 2026· 23m 12s· 2 players
Game mode
Random Map
Map size
Tiny (2 player)
Population
200
Speed
Normal
Resources
Standard
Victory
Conquest
Starting age
Dark Age
Ending age
Imperial Age
RankedLock teamsTeams togetherTeam positionsShared explorationLock speedFull tech treeHidden civsTurbo modeCheats
Victory
Defeat
🇨🇳 Turks · China
904
+14
🇬🇧 Japanese · United Kingdom
862
-14
黑色的广告
11:35 Feudal Age
12:34 Double-Bit Axe
15:23 Castle Age
13:42 Horse Collar
18:12 Loom
22:06 Bow Saw
Hyundai35
9:12 Loom
11:13 Feudal Age
11:59 Double-Bit Axe
12:11 Horse Collar
12:59 Arson
12:35 Man-at-Arms
21:34 Castle Age
20:09 Gold Mining
20:09 Stone Mining
22:21 Squires
21:41 Long Swordsman
22:21 Elite Skirmisher
Connection lost

Rejoining the realm…

Still unreachable

The connection could not be restored.

Session expired

The server has moved on; the page needs a fresh start.